[Event "Schack-SM 2023: Sverigemastarklassen"]
[Site "Helsingborg Arena, Mellersta Stenbocksgatan 14, Helsingborg, Sweden"]
[Date "2023.07.01"]
[Round "1.2"]
[White "Sivuk, Vitaly"]
[Black "Seo, Jung Min"]
[Result "1-0"]
[TimeControl "90 minutes for 40 moves + 30 minutes for the rest of the game + 30 seconds per move from move one."]
[WhiteTitle "GM"]
[BlackTitle "IM"]
[WhiteElo "2432"]
[BlackElo "2469"]

1. d4 Nf6 2. c4 g6 3. Nc3 Bg7 4. e4 d6 5. f3 c6 6. Be3 a6 7. a4 a5 8. Bd3 Na6 9. Nge2 Nb4 10.
O-O O-O 11. Rc1 e5 12. d5 Nd7 13. Bc2 Nc5 14. Qd2 cxd5 15. Nxd5 Nxd5 16. cxd5 Bd7 17. Ra1 Rc8 18. b4 axb4 19.
Qxb4 f5 20. a5 fxe4 21. Bxe4 Bf5 22. Ng3 Bxe4 23. Nxe4 Nxe4 24. Qxe4 Ra8 25. Rfb1 Rf7 26. Rb5 Bf6 27. h3 Bg5 28.
Bb6 Qd7 29. Rab1 Qf5 30. R5b2 Qxe4 31. fxe4 Rc8 32. Bf2 Bd8 33. Be1 Ra8 34. Rb5 h5 35. Bd2 Rd7 36. Kf1 Ra7 37. Ke2 Kf7 38.
Kd3 Ke8 39. Bb4 Ra6 40. Rc1 Rc7 41. Rf1 Rd7 42. Bd2 Rh7 43. Rc1 Rc7 44. Rcb1 Rf7 45. Bc3 Ra7 46. R1b2 Kf8 47. Bb4 Ra6 48.
Rc2 Rc7 49. Rxc7 Bxc7 50. Kc4 Ra7 51. Bd2 Ke8 52. Kb4 Ra8 53. Bg5 Rb8 54. Be3 Ra8 55. Rxb7 Bxa5+ 56. Kb5 Bd8 57. Kc6 Ra3 58.
Bb6 Be7 59. Rb8+ Kf7 60. Bc7 Ra4 61. Kd7 Rxe4 62. Rb1 g5 63. g3 Bf8 64. Rf1 Kg7 65. Ke8 Re3 66. Rxf8 Rxg3 67. Bxd6 Rxh3 68.
Bxe5+ Kg6 69. Rf6+ Kh7 70. d6 Re3 71. Re6 1-0

[ePGN "0.1;DGT LiveChess/2.2.5"]

[Event "Schack-SM 2023: Mastarklassen-elit"]
[Site "Helsingborg Arena, Mellersta Stenbocksgatan 14, Helsingborg, Sweden"]
[Date "2023.07.01"]
[Round "1.1"]
[White "Wiedenkeller, Michael"]
[Black "Lindberg, Bengt"]
[Result "1/2-1/2"]
[TimeControl "90 minutes for 40 moves + 30 minutes for the rest of games + 30 seconds per move from move one."]
[WhiteTitle "IM"]
[BlackTitle "IM"]
[WhiteElo "2445"]
[BlackElo "2353"]

1. d4 Nf6 2. Bg5 e6 3. e4 h6 4. Bxf6 Qxf6 5. c3 d6 6. Bc4 Nd7 7. Ne2 a6 8. O-O b5 9. Bd3 Qe7 10.
a4 Rb8 11. axb5 axb5 12. Ra7 c5 13. Na3 c4 14. Bc2 Qd8 15. b4 Nf6 16. e5 dxe5 17. dxe5 Nd5 18. Nxc4 Bxb4 19. cxb4 bxc4 20.
Ba4+ Kf8 21. Qd4 g6 22. Bc6 Kg7 23. b5 Qb6 24. Qxb6 Rxb6 25. Rd1 Nb4 26. Rc7 Nxc6 27. bxc6 Ba6 28.
f3 Rc8 29. Rxc8 Bxc8 30. Nd4 c3 31. Rc1 f6 32. exf6+ Kxf6 33. Rxc3 e5 34. Nb3 Ke7 35. Nd2 Ra6 36. Re3 Rxc6 37.
Rxe5+ Kf7 38. Ne4 Bf5 39. Kf2 Bxe4 40. fxe4 Rc3 41. h4 h5 42. Rg5 Rc1 43. Ke3 Rh1 44. g3 Re1+ 45. Kf3 Rf1+ 46.
Ke2 Ra1 47. Rd5 Ra3 48. Rd3 Ra5 49. Kf3 Ra1 50. Kf4 Ra5 51. Re3 Rb5 52. Ra3 Rc5 53. Ra4 Kf6 54. Ra6+ Kf7 55. Ra3 Kf6 56. Rd3 Ra5 57. Rd5 Ra3 58. e5+ Ke7 59. Rd6 Kf7 60.
Rd4 Ke6 61. Rb4 Rc3 62. Rb6+ Kf7 63. Rb7+ Ke6 64. Rb6+ Kf7 65. Rb4 Ke6 66. Re4 Ra3 67. g4 hxg4 68. Kxg4 Ra1 69. Kg5 Rg1+ 70.
Rg4 Ra1 71. Kxg6 Kxe5 72. Rg2 Ra6+ 73. Kg5 Ke6 74. Rf2 Ra8 75. Rf6+ Ke7 76. h5 Ra5+ 77. Kg6 Rxh5 78. Kxh5 Kxf6 1/2-1/2

[Event "Schack-SM 2023: Junior-SM"]
[Site "Helsingborg Arena, Mellersta Stenbocksgatan 14, Helsingborg, Sweden"]
[Date "2023.07.01"]
[Round "1.4"]
[White "Persson, Sebastian 2007"]
[Black "Seo, Jung Hyun"]
[Result "0-1"]
[TimeControl "90 minutes for 40 moves + 30 minutes for the rest of the game + 30 seconds per move from move one."]
[WhiteElo "1947"]
[BlackElo "2124"]

1. d4 Nf6 2. Nf3 c5 3. c3 d5 4. g3 Nc6 5. Bg2 Bf5 6. O-O e6 7. Nbd2 cxd4 8. Nxd4 Nxd4 9. cxd4 Be7 10.
Nb3 Rc8 11. f3 O-O 12. Be3 Rc2 13. Rb1 Qb6 14. Bd2 Rfc8 15. Re1 Bb4 16. Bxb4 Qxb4 17. e4 dxe4 18. fxe4 Rxg2+ 19. Kxg2 Bxe4+ 20. Rxe4 Nxe4 21. Rc1 Rxc1 22. Qxc1 h6 23. Qc8+ Kh7 24. Qc2 f5 25. a3 Qa4 26. Qd3 Qc6 27. Kg1 Ng5 28. g4 Qf3 29.
Qxf3 Nxf3+ 30. Kg2 fxg4 31. Kg3 b6 32. Kxg4 Ne1 33. Nd2 g5 34. Kg3 Kg6 35. Nc4 Nc2 36. Ne5+ Kf5 37. Nc6 Ke4 38.
Nxa7 Nxd4 39. Nc8 b5 40. Nd6+ Kd3 41. Kg4 e5 42. b3 e4 43. Nxe4 Kxe4 44. a4 b4 0-1

[Event "Schack-SM 2023: Mastarklassen"]
[Site "Helsingborg Arena, Mellersta Stenbocksgatan 14, Helsingborg, Sweden"]
[Date "2023.07.01"]
[Round "1.7"]
[White "Soppela, Toni"]
[Black "Jogstad, Daniel"]
[Result "1/2-1/2"]
[TimeControl "90 minutes for 40 moves + 30 minutes for the rest of games + 30 seconds per move from move one."]
[BlackTitle "CM"]
[WhiteElo "2032"]
[BlackElo "2131"]

1. d4 d5 2. c4 c6 3. Nf3 Nf6 4. Nc3 e6 5. Bg5 Nbd7 6. cxd5 exd5 7. e3 h6 8. Bh4 g5 9. Bg3 Nh5 10.
Bd3 Nxg3 11. hxg3 Bg7 12. Qc2 Nb6 13. O-O Be6 14. b4 O-O 15. a4 f5 16. Ne2 Nd7 17. b5 Rc8 18. bxc6 Rxc6 19.
Qb1 Qb8 20. Rc1 Rxc1+ 21. Qxc1 Nf6 22. Ra2 Rc8 23. Rc2 Rxc2 24. Qxc2 Ne4 25. Nd2 Qc8 26. Qb2 Qc6 27. Bb5 Qb6 28.
Qc1 Nd6 29. Bd3 Bf8 30. Qc2 Qb4 31. Nc3 Ne4 32. Ncxe4 fxe4 33. Bb5 a6 34. Be8 Bd6 35. f3 Bxg3 36. fxe4 Qf8 37. Nf1 Bd6 38.
exd5 Qxe8 39. dxe6 Qxe6 40. Qb1 1/2-1/2

[Event "Schack-SM 2023: Veteran-SM 65+"]
[Site "Helsingborg Arena, Mellersta Stenbocksgatan 14, Helsingborg, Sweden"]
[Date "2023.07.01"]
[Round "1.6"]
[White "Andersson, Sven-Olof"]
[Black "Sigeman, Johan"]
[Result "0-1"]
[TimeControl "90 minutes for 40 moves + 30 minutes for the rest of games + 30 seconds per move from move one."]
[WhiteElo "1832"]
[BlackElo "2052"]

1. d4 Nf6 2. Nf3 d5 3. g3 e6 4.
Bg2 c5 5. e3 Nc6 6. b3 Be7 7. Bb2 O-O 8. O-O b6 9. Nbd2 Bb7 10. Ne5 Qc7 11. Nxc6 Bxc6 12. f4 Rac8 13. Qe2 Bb7 14.
dxc5 Qxc5 15. Rac1 Qa5 16. c4 Ba6 17. Rc2 Rfd8 18. Bc3 Qa3 19. Bb2 Qd6 20. Bf3 dxc4 21. Nxc4 Qb4 22. Bc3 Bxc4 23. Bxb4 Bxe2 24. Rxc8 Rxc8 25.
Bxe7 Bxf1 26. Kxf1 Nd5 27. Bxd5 exd5 0-1

[Event "Schack-SM 2023: Veteran-SM 50+"]
[Site "Helsingborg Arena, Mellersta Stenbocksgatan 14, Helsingborg, Sweden"]
[Date "2023.07.01"]
[Round "1.6"]
[White "Jonas, Gromark"]
[Black "Wahlund, Max"]
[Result "0-1"]
[TimeControl "90 minutes for 40 moves + 30 minutes for the rest of games + 30 seconds per move from move one."]
[BlackTitle "CM"]
[WhiteElo "1775"]
[BlackElo "2002"]

1. c4 e5 2. Nc3 Nf6 3. g3 c6 4. Bg2 Bb4 5. e4 O-O 6. Nge2 d6 7. O-O Be6 8. d3 a6 9. h3 b5 10.
b3 Nfd7 11. f4 f6 12. f5 Bf7 13. Be3 Bc5 14. Rf3 Bxe3+ 15. Rxe3 Qb6 16. Qd2 a5 17. Kh2 Na6 18. cxb5 cxb5 19.
d4 Nb4 20. a3 Nc6 21. dxe5 Ndxe5 22. Nd5 Qa7 23. Rc3 Kh8 24. Rac1 Bxd5 25. Qxd5 Qf2 26. R1c2 b4 27. Rxc6 Nf3+ 28.
Kh1 Qe1+ 0-1

[Event "Schack-SM 2023: Sverigemastarklassen"]
[Site "Helsingborg Arena, Mellersta Stenbocksgatan 14, Helsingborg, Sweden"]
[Date "2023.07.01"]
[Round "1.3"]
[White "Pantzar, Milton"]
[Black "Hector, Jonny"]
[Result "0-1"]
[TimeControl "90 minutes for 40 moves + 30 minutes for the rest of the game + 30 seconds per move from move one."]
[WhiteTitle "IM"]
[BlackTitle "GM"]
[WhiteElo "2442"]
[BlackElo "2481"]

1. d4 d5 2. c4 c6 3. Nf3 Nf6 4. Nbd2 Bf5 5. Nh4 Be4 6. Qb3 Nbd7 7. e3 e5 8. Be2 dxc4 9. Bxc4 Bd5 10.
O-O Qc7 11. e4 Bxc4 12. Nxc4 exd4 13. e5 Nc5 14. Qd1 Nd5 15. Nd6+ Bxd6 16. exd6 Qxd6 17. Re1+ Kd7 18. Qxd4 Ne6 19.
Qg4 Rae8 20. Bd2 g6 21. Nf3 f5 22. Qc4 Nc5 23. Bb4 Nxb4 24. Qxb4 Rxe1+ 25. Rxe1 Kc8 26. Qc3 Rd8 27. Qg7 Rd7 28.
Qh8+ Kc7 29. h3 Ne4 30. a3 Qc5 31. Rf1 a5 32. Qe8 Re7 33. Qg8 a4 34. Qa8 Nxf2 35. Kh2 Re2 36. Qxa4 Qd6+ 37.
Kg1 Nxh3+ 38. Kh1 Nf2+ 39. Kg1 Ng4 40. Qa5+ Kb8 41. Qb6 Ne3 0-1

[Event "Schack-SM 2023: Mastarklassen-elit"]
[Site "Helsingborg Arena, Mellersta Stenbocksgatan 14, Helsingborg, Sweden"]
[Date "2023.07.01"]
[Round "1.2"]
[White "Lokander, Martin"]
[Black "Thorn, Eric"]
[Result "1-0"]
[TimeControl "90 minutes for 40 moves + 30 minutes for the rest of games + 30 seconds per move from move one."]
[WhiteTitle "IM"]
[BlackTitle "FM"]
[WhiteElo "2444"]
[BlackElo "2379"]

1. e4 e5 2. Nf3 Nc6 3. Bb5 a6 4. Ba4 Nf6 5. O-O Be7 6. Bxc6 dxc6 7. Nc3 Nd7 8. d4 exd4 9. Qxd4 O-O 10.
Bf4 Nc5 11. Qe3 Bg4 12. Ne5 Bh5 13. Qh3 Bg6 14. Be3 Re8 15. f4 Bf8 16. Rad1 Qc8 17. Qf3 f5 18. Nxg6 hxg6 19. e5 Qe6 20.
h4 a5 21. Rd4 Red8 22. Rfd1 Qe8 23. g3 Ne6 24. Rxd8 Rxd8 25. Rxd8 Qxd8 26. Qd1 Kf7 27. Qxd8 Nxd8 28. Kf2 Be7 29.
Ke2 Ke6 30. Kd3 Bb4 31. Ne2 Kd7 32. c3 Be7 33. Kc4 Ne6 34. a4 Bf8 35. Nc1 b6 36. b4 axb4 37. cxb4 c5 38. a5 cxb4 39.
axb6 cxb6 40. Bxb6 Kc6 41. Ba5 Be7 42. Nb3 Bf8 43. Bxb4 Bxb4 44. Kxb4 Kd5 45. Kc3 Ke4 46. Kc4 Nf8 47.
Nd4 Nd7 48. Ne6 Kf3 49. Kd5 Kxg3 50. Kd6 Nb6 51. Nc7 Kxh4 52. e6 Nc8+ 53. Kd7 Nb6+ 54. Kd8 Nc4 55. e7 Nd6 56. Kd7 Ne4 57.
Nd5 Nf6+ 58. Nxf6 gxf6 59. e8=Q g5 60. Ke6 1-0

[Event "Schack-SM 2023: Junior-SM"]
[Site "Helsingborg Arena, Mellersta Stenbocksgatan 14, Helsingborg, Sweden"]
[Date "2023.07.01"]
[Round "1.5"]
[White "Dingertz, Erik"]
[Black "Lindholm, Gustav"]
[Result "1/2-1/2"]
[TimeControl "90 minutes for 40 moves + 30 minutes for the rest of the game + 30 seconds per move from move one."]
[WhiteElo "2090"]
[BlackElo "2155"]

1. c4 c6 2. e4 d5 3. exd5 cxd5 4. d4 Nf6 5. Nc3 Nc6 6. Bg5 dxc4 7. Bxc4 e6 8. Nf3 Be7 9. O-O O-O 10.
Re1 Nd5 11. Bxe7 Ncxe7 12. a3 b6 13. Bd3 Nf6 14. Ne4 Ned5 15. Ne5 Bb7 16. Qf3 Qe7 17. Rac1 Rac8 18. Ng5 Rxc1 19. Rxc1 Nb4 20.
Qg3 Nxd3 21. Nxd3 Nd5 22. Ne4 Rd8 23. Ne5 Nf6 24. Ng5 Ne4 25. Nxe4 Bxe4 26. Qf4 Ba8 27. f3 f6 28. Ng4 Bb7 29.
h4 Rc8 30. h5 Rxc1+ 31. Qxc1 Qd6 32. h6 Qxd4+ 33. Kh1 f5 34. Qc7 fxg4 35. Qb8+ Kf7 36. Qxb7+ Kg6 37. hxg7 Qxg7 38. Qe4+ Kf7 39.
fxg4 Qh6+ 40. Kg1 Qc1+ 41. Kh2 Qh6+ 42. Kg3 Qg7 43. b4 Kf6 44. Qf4+ Kg6 45. Qe4+ Kf6 46. Qd4+ Kg6 47. Qd3+ Kf6 48.
Qd4+ 1/2-1/2

[Event "Schack-SM 2023: Mastarklassen"]
[Site "Helsingborg Arena, Mellersta Stenbocksgatan 14, Helsingborg, Sweden"]
[Date "2023.07.01"]
[Round "1.8"]
[White "Carlstrom, Niklas"]
[Black "Franzen, Per-Erik"]
[Result "0-1"]
[TimeControl "90 minutes for 40 moves + 30 minutes for the rest of games + 30 seconds per move from move one."]
[WhiteElo "2125"]
[BlackElo "2025"]

1. e4 c5 2. Nc3 e6 3. g3 d6 4. Bg2 Nf6 5. Nge2 Be7 6. O-O O-O 7. h3 a6 8. d3 Qc7 9. g4 Nc6 10.
a4 Rb8 11. Ng3 b5 12. axb5 axb5 13. Be3 b4 14. Nce2 Bb7 15. g5 Nd7 16. f4 Rfe8 17. f5 exf5 18. Nxf5 Bf8 19. Nf4 Ne7 20.
Ra7 Qb6 21. Nxe7+ Bxe7 22. Rxb7 Qxb7 23. e5 Qa7 24. e6 fxe6 25. Nxe6 Nf8 26. Bd5 Nxe6 27. Bxe6+ Kh8 28. g6 Bg5 29.
Bxg5 Rxe6 30. Qf3 hxg6 31. Qg4 Rbe8 32. Qh4+ Kg8 33. Qc4 Kh7 34. Qh4+ Kg8 35. Qc4 Qd7 36. Qd5 Kh7 37. Rf4 Re1+ 38.
Kf2 Qe6 39. Qf3 Re2+ 40. Kf1 Re1+ 41. Kf2 Qe2+ 42. Kg3 Re3 0-1

[Event "Schack-SM 2023: Sverigemastarklassen"]
[Site "Helsingborg Arena, Mellersta Stenbocksgatan 14, Helsingborg, Sweden"]
[Date "2023.07.01"]
[Round "1.4"]
[White "Kucuksari, Kaan"]
[Black "Johansson, Linus"]
[Result "1-0"]
[TimeControl "90 minutes for 40 moves + 30 minutes for the rest of the game + 30 seconds per move from move one."]
[WhiteTitle "IM"]
[BlackTitle "IM"]
[WhiteElo "2512"]
[BlackElo "2466"]

1. d4 Nf6 2. c4 e6 3. g3 Bb4+ 4. Bd2 a5 5. Bg2 d6 6. Nf3 Nbd7 7. O-O e5 8. Nc3 O-O 9. Qc2 Re8 10.
e4 exd4 11. Nxd4 c6 12. Rad1 Nb6 13. b3 Bg4 14. f3 Bd7 15. Rfe1 h6 16. h3 a4 17. f4 axb3 18. axb3 Ra5 19.
Qd3 Nc8 20. Nc2 Bc5+ 21. Kh2 Ba7 22. e5 dxe5 23. Ne4 Ra2 24. Nxf6+ Qxf6 25. Qxd7 Rd8 26. fxe5 Qe7 27. Qxe7 Nxe7 28.
Be4 Bc5 29. Be3 1-0

[Event "Schack-SM 2023: Mastarklassen-elit"]
[Site "Helsingborg Arena, Mellersta Stenbocksgatan 14, Helsingborg, Sweden"]
[Date "2023.07.01"]
[Round "1.3"]
[White "Crevatin, Leo"]
[Black "Torngren, Gustav"]
[Result "1-0"]
[TimeControl "90 minutes for 40 moves + 30 minutes for the rest of games + 30 seconds per move from move one."]
[WhiteTitle "FM"]
[BlackTitle "FM"]
[WhiteElo "2265"]
[BlackElo "2297"]

1. d4 Nf6 2. c4 c6 3. Nf3 d5 4. Qc2 g6 5. Bf4 Bf5 6. Qb3 Qb6 7. c5 Qxb3 8. axb3 Na6 9. Nc3 Nb4 10. Ra4 Nc2+ 11. Kd2 Ng4 12. Bg3 Bh6+ 13. e3 Ncxe3 14. fxe3 Nxe3 15. Ke2 O-O 16. h3 Bc2 17. Ra3 f6 18. Bf2 Nf5 19. g4 Ng7 20. Ne1 Be4 21. Nxe4 dxe4 22. Be3 Bxe3 23. Kxe3 f5 24. Bc4+ Kh8 25. Rf1 g5 26. Ng2 h5 27. Raa1 h4 28. b4 e6 29. b5 Kh7 30. bxc6 bxc6 31. b3 Kg6 32. Be2 Rab8 33. Rfb1 e5 34. Ra6 exd4+ 35. Kxd4 Ne6+ 36. Kc4 f4 37. Rxc6 Rf6 38. Bd1 a5 39. Bc2 Kg7 40. Kc3 e3 41. Bf5 Nd8 42. Rc7+ Nf7 43. Ne1 Re8 44. Nf3 e2 45. Kd2 Kh6 46. Rd7 Re3 47. Rd3 Re8 48. Re1 Rc6 49. Rxe2 Rxe2+ 50. Kxe2 Rxc5 51. Rd7 1-0

[Event "Schack-SM 2023: Mastarklassen"]
[Site "Helsingborg Arena, Mellersta Stenbocksgatan 14, Helsingborg, Sweden"]
[Date "2023.07.01"]
[Round "1.9"]
[White "Persson, Lars 1971"]
[Black "Mashhadi, Peyman"]
[Result "0-1"]
[TimeControl "90 minutes for 40 moves + 30 minutes for the rest of games + 30 seconds per move from move one."]
[WhiteElo "1941"]
[BlackElo "2117"]

1. d3 g6 2. e4 Bg7 3. c3 d5 4. Nd2 Nc6 5. Ngf3 e5 6. Be2 Nge7 7. Qc2 O-O 8. h4 Bg4 9. Nf1 Qd7 10.
Ne3 Be6 11. h5 d4 12. Nf1 f6 13. a3 a5 14. N3h2 a4 15. Qd1 Na5 16. Nd2 Kf7 17. c4 b5 18. cxb5 Qxb5 19. Bg4 Bxg4 20.
Nxg4 Qxd3 21. Rh3 Qb5 22. Nf3 Nb3 23. Rb1 Nc5 24. Nh6+ Ke8 25. hxg6 Nd3+ 26. Kf1 Nxc1+ 27. Kg1 Ne2+ 28.
Kh1 Nf4 29. Rg3 Bxh6 30. gxh7 Rh8 31. Qc2 c5 0-1

[Event "Schack-SM 2023: Sverigemastarklassen"]
[Site "Helsingborg Arena, Mellersta Stenbocksgatan 14, Helsingborg, Sweden"]
[Date "2023.07.01"]
[Round "1.5"]
[White "Ernst, Thomas"]
[Black "Blomqvist, Erik"]
[Result "0-1"]
[TimeControl "90 minutes for 40 moves + 30 minutes for the rest of the game + 30 seconds per move from move one."]
[WhiteTitle "GM"]
[BlackTitle "GM"]
[WhiteElo "2288"]
[BlackElo "2500"]

1. e4 c5 2. Nf3 e6 3. d4 cxd4 4. Nxd4 a6 5. Bd3 Bc5 6. Nb3 Ba7 7. O-O Nc6 8. Qg4 Qf6 9. Nc3 Nge7 10.
Qe2 O-O 11. Be3 d5 12. Bxa7 Rxa7 13. exd5 exd5 14. Rfe1 Rd8 15. a4 b6 16. Rad1 h6 17. Rd2 Kf8 18. Red1 Re8 19. Qf1 Nb4 20.
Be2 Nec6 21. Bf3 Bf5 22. Nxd5 Nxd5 23. Bxd5 Nb4 24. Qc4 a5 25. Nd4 Rae7 26. Rf1 Bd7 27. Bf3 Qg5 28. Nb3 Bxa4 29.
Rd6 Bb5 30. h4 Qe5 31. Rd5 Bxc4 0-1

[Event "Schack-SM 2023: Mastarklassen-elit"]
[Site "Helsingborg Arena, Mellersta Stenbocksgatan 14, Helsingborg, Sweden"]
[Date "2023.07.01"]
[Round "1.4"]
[White "Soderstrom, Adrian"]
[Black "Lind, Jan-Olov"]
[Result "1/2-1/2"]
[TimeControl "90 minutes for 40 moves + 30 minutes for the rest of games + 30 seconds per move from move one."]
[WhiteTitle "FM"]
[WhiteElo "2311"]
[BlackElo "2191"]

1. d4 Nf6 2. c4 g6 3. Nc3 Bg7 4. e4 d6 5. Be2 O-O 6. Be3 Na6 7. h4 c5 8. d5 e6 9. dxe6 Bxe6 10.
h5 Qa5 11. Bd2 Qb6 12. h6 Bh8 13. Nh3 Nb4 14. Nf4 Nc6 15. O-O Nd4 16. Rb1 Qd8 17. Be3 Nxe2+ 18. Qxe2 Ng4 19. Ncd5 Qh4 20.
Nh3 Nxe3 21. Qxe3 Bxd5 22. cxd5 Rfe8 23. Rfe1 Re7 24. Re2 Rae8 25. Rbe1 Bf6 26. Qf3 Be5 27. Qe3 b5 28. b3 b4 29.
Rd1 Qf6 30. Qf3 Qh4 31. Qe3 Qf6 32. Qf3 Qh4 1/2-1/2

[Event "Schack-SM 2023: Mastarklassen-elit"]
[Site "Helsingborg Arena, Mellersta Stenbocksgatan 14, Helsingborg, Sweden"]
[Date "2023.07.01"]
[Round "1.5"]
[White "Olund, Joar"]
[Black "Walinder, Lars"]
[Result "1/2-1/2"]
[TimeControl "90 minutes for 40 moves + 30 minutes for the rest of games + 30 seconds per move from move one."]
[WhiteTitle "FM"]
[BlackTitle "FM"]
[WhiteElo "2399"]
[BlackElo "2310"]

1. d4 d5 2. Bf4 c5 3. e3 Nc6 4. c3 Nf6 5. Nd2 cxd4 6. exd4 Bf5 7. Qb3 Qc8 8. Ngf3 e6 9. Be2 h6 10.
O-O Be7 11. Rfe1 O-O 12. Nf1 a6 13. a4 Qd7 14. Ng3 Bh7 15. Qd1 Ne4 16. Bd3 Nxg3 17. hxg3 Bd6 18. Bxh7+ Kxh7 19. Qd3+ Kg8 20.
Re2 Rac8 21. Rae1 Ne7 22. Bxd6 Qxd6 23. Ne5 Nc6 24. f4 Nxe5 25. Rxe5 Qd7 26. f5 exf5 27. Qxf5 Rcd8 28. Qf3 Qd6 29.
a5 Rd7 30. g4 Rdd8 31. g5 hxg5 32. Rxg5 Rd7 33. Re3 g6 34. Ree5 Rfd8 35. Rxd5 Qxd5 36. Rxd5 Rxd5 37. c4 Rxd4 38.
Qxb7 Rxc4 39. Qxa6 Rb4 40. Qe2 Ra8 41. Qd2 Rab8 42. Qd6 Rxb2 43. a6 Ra8 44. Qc6 Rbb8 45. Qc7 Rb1+ 46. Kh2 Ra1 47.
Qc6 R1xa6 48. Qb7 Ra5 49. Qb4 Rh5+ 50. Kg3 Ra2 51. Qe7 Raa5 52. Qd8+ Kg7 53. Qd4+ Kh7 54. Qd8 Rad5 55. Qe7 Kg7 56.
Kf3 Rhe5 57. Qc7 Rd3+ 58. Kf4 Red5 59. Ke4 Rd7 60. Qe5+ f6 61. Qc5 R3d6 62. Kf3 Rd2 63. g3 R7d3+ 64. Kg4 Rd7 65. Kh3 g5 66. Kg4 R2d4+ 67. Kh5 g4 68. Kh4 R4d5 69. Qc6 Rd4 70. Kh5 R7d5+ 71. Kh4 Rd7 72. Kh5 Kf7 73.
Qc2 R7d5+ 74. Kh4 Ke6 75. Qe4+ Kd6 76. Qe6+ Kc7 77. Qc6+ Kd8 78. Qe8+ Kxe8 1/2-1/2